[Event "44th Chess Olympiad Open 2022"]
[Site "Chennai"]
[Date "2022.08.03"]
[Round "6.81"]
[White "Croes, Octavio"]
[Black "Guterres, Cosme"]
[Result "1-0"]
[WhiteElo "1794"]
[BlackElo "1692"]
[Annotator "NA RC"]
[PlyCount "101"]
[EventDate "2022.??.??"]
[TimeControl "60"]

1. d4 e6 2. c4 g6 3. Nc3 Bg7 4. e4 d6 5. Nf3 Ne7 6. Be2 c6 7. O-O O-O 8. Be3 Nd7 9. Qd2 f6 10. d5 exd5 11. cxd5 c5 12. Rac1 b6 13. Nb5 Nb8 14. Bf4 a6 15. Nxd6 Nd7 16. Nxc8 Nxc8 17. d6 Ra7 18. b4 Kh8 19. Rfd1 Re8 20. bxc5 bxc5 21. Qd5 Ncb6 22. Qc6 Ra8 23. Be3 Rc8 24. Qb7 Rb8 25. Qc7 Rc8 26. Qxd8 Rexd8 27. Bxa6 Ra8 28. Bb5 Rxa2 29. Bxd7 Nxd7 30. Bxc5 Nxc5 31. Rxc5 h6 32. Kf1 Bf8 33. e5 fxe5 34. Nxe5 Kg7 35. Rc7+ Kf6 36. Nd7+ Ke6 37. Nxf8+ Rxf8 38.
Re7+ Kf6 39. Rd3 Ra1+ 40. Ke2 Ra2+ 41. Ke3 g5 42. Re4 Kg6 43. d7 Rd8 44. Re8 Raa8 45. Rxd8 Rxd8 46. Ke4 h5 47. Ke5 Kf7 48. Kd6 Kf6 49. Rf3+ Kg7 50. Ke7 Ra8 51. d8=Q 1-0

[Event "44th Chess Olympiad Open 2022"]
[Site "Chennai"]
[Date "2022.08.03"]
[Round "6.81"]
[White "de Araujo, Helder"]
[Black "Pesqueira, Jose"]
[Result "1-0"]
[WhiteElo "1742"]
[BlackElo "1809"]
[Annotator "NA RC"]
[PlyCount "107"]
[EventDate "2022.??.??"]
[TimeControl "60"]

1. c4 g6 2. Nc3 Bg7 3. g3 c5 4. Bg2 Nc6 5. Nf3 e6 6. d3 d5 7. cxd5 exd5 8. O-O Be6 9. Ng5 Nge7 10. Nxe6 fxe6 11. Bf4 O-O 12. Qc1 b6 13. Bh3 Nf5 14. e4 Nfd4 15. exd5 exd5 16. Bg2 Kh8 17. Re1 Nb4 18. Rd1 Rc8 19. Qd2 Qd7 20. Ne2 Nbc2 21. Rac1 Nxe2+ 22. Qxe2 Nd4 23. Qd2 Qg4 24. Re1 Rxf4 25. Qxf4 Ne2+ 26. Rxe2 Qxe2 27. Bf3 Qxb2 28. Re1 Rf8 29. Qd6 Qf6 30. Qxf6 Bxf6 31. Bxd5 Bd4 32. Re2 Kg7 33. Kg2 Bf6 34. f4 Rd8 35. Bc4 Rd7 36. Kf3 Rd4 37. Re8 Rd7 38. g4 h6 39. f5 gxf5 40. gxf5 Re7 41. Rg8+ Kh7 42. Rg6 Bg5 43. Kg4 Re2 44. h4 Bd2 45. Rd6 Kg7 46. Rd7+ Kf8 47. Rf7+ Ke8 48. Rxa7 Rf2 49. Be6 Rf4+ 50. Kh5 Rf3 51. Kg6 Rg3+ 52. Kh7 Rxd3 53. f6 Rd8 54. Kg8 1-0

[Event "44th Chess Olympiad Open 2022"]
[Site "Chennai"]
[Date "2022.08.03"]
[Round "6.81"]
[White "Stetsenko, Ilya"]
[Black "da Conceicao, Marcos"]
[Result "1-0"]
[WhiteElo "1683"]
[BlackElo "1713"]
[Annotator "NA RC"]
[PlyCount "81"]
[EventDate "2022.??.??"]
[TimeControl "60"]

1. e4 c5 2. Nf3 Nc6 3. d4 cxd4 4. Nxd4 e5 5. Nb5 d6 6. a4 a6 7. N5c3 Nf6 8. Bg5 Qb6 9. Bxf6 gxf6 10. Nd5 Qd8 11. Bd3 Rg8 12. g3 Nd4 13. h3 Bh6 14. c3 Nc6 15. Qh5 Rg6 16. Na3 Be6 17. Nc2 Bf8 18.
Qf3 Bg7 19. Nce3 Rc8 20. b4 Nb8 21. a5 Kf8 22. Rc1 Kg8 23.
Nb6 Rc6 24. Ned5 Kh8 25. c4 Nd7 26. Nxd7 Qxd7 27. g4 Bxd5 28.
exd5 Rc7 29. Bxg6 fxg6 30. Ke2 Qa4 31. Qc3 Qd7 32. Qb3 Qe7 33.
Rhd1 e4 34. c5 Qe5 35. cxd6 Qxd6 36. Rxc7 Qxc7 37. d6 Qd7 38. Qd5 f5 39. gxf5 gxf5 40. Rc1 Qd8 41. d7 1-0

[Event "44th Chess Olympiad Open 2022"]
[Site "Chennai"]
[Date "2022.08.03"]
[Round "6.81"]
[White "dos Reis, Tito"]
[Black "Van den Brink, Peter"]
[Result "0-1"]
[WhiteElo "1658"]
[BlackElo "2167"]
[Annotator "NA RC"]
[PlyCount "68"]
[EventDate "2022.??.??"]
[TimeControl "60"]

1. f4 c5 2. Nf3 g6 3. c3 Nf6 4. e3 Bg7 5. d4 O-O 6. Bd3 d6 7. O-O Nc6 8.
Nbd2 e5 9. fxe5 dxe5 10. Ne4 cxd4 11. Nxf6+ Bxf6 12. exd4 exd4 13. cxd4 Bg4 14. h3 Bxd4+ 15. Kh1 Bxf3 16. Qxf3 Ne5 17. Qd1 Nxd3 18. Qxd3 Bg7 19. Qb3 b6 20. Bf4 Qf6 21. Rf2 Rfe8 22. Raf1 Qe6 23. Qa4 a6 24. b3 b5 25. Qb4 Rad8 26. Bd2 Rd4 27. Qa5 f5 28. Bc3 Re4 29. Bxg7 Kxg7 30. Qc7+ Re7 31. Qg3 Re3 32. Qg5 Re1 33. Rxf5 Qxf5 34. Qxe7+ Rxe7 0-1

[Event "44th Chess Olympiad Open 2022"]
[Site "Chennai"]
[Date "2022.08.03"]
[Round "6.82"]
[White "Cisse, Amadou Lamine"]
[Black "Ahmad, Md Siraj Munir"]
[Result "1-0"]
[WhiteElo "2005"]
[BlackElo "2035"]
[Annotator "NA RC"]
[PlyCount "85"]
[EventDate "2022.??.??"]
[TimeControl "60"]

1. d4 Nf6 2. c4 d5 3. Nf3 e6 4. Nbd2 c6 5. e3 Nbd7 6. b3 Bd6 7. Bb2 Ne4 8.
Nxe4 dxe4 9. Nd2 Bb4 10. a3 Bxd2+ 11. Qxd2 O-O 12. Qc2 f5 13. g4 fxg4 14. O-O-O Nf6 15. Be2 Bd7 16. Rdg1 h5 17. h3 g5 18. h4 gxh4 19. Rxh4 Qe7 20. Rxh5 Nxh5 21. Bxg4 Ng7 22. d5 e5 23. Bxd7 Qxd7 24. Bxe5 Rf7 25. Qxe4 cxd5 26. Qh4 Qf5 27. Rh1 Nh5 28. Qxh5 Qxh5 29. Rxh5 Rh7 30. Rxh7 Kxh7 31. cxd5 Kg6 32. e4 Re8 33. f4 Kf7 34. Kd2 Rg8 35. Bd4 Rg2+ 36. Kd3 Rg3+ 37. Be3 Ke7 38. e5 b5 39. Ke4 a5 40. Bc5+ Ke8 41. e6 Rxb3 42. d6 b4 43.
d7+ 1-0

[Event "44th Chess Olympiad Open 2022"]
[Site "Chennai"]
[Date "2022.08.03"]
[Round "6.82"]
[White "Wane, Al Hassane"]
[Black "Sharikhan, Shawal"]
[Result "1/2-1/2"]
[WhiteElo "1750"]
[BlackElo "1789"]
[Annotator "NA RC"]
[PlyCount "87"]
[EventDate "2022.??.??"]
[TimeControl "60"]

1. d4 Nf6 2. c4 e6 3. Nc3 Bb4 4. a3 Bxc3+ 5. bxc3 c5 6. Nf3 b6 7. Bf4 d5 8. e3 O-O 9. Bd3 Bb7 10. dxc5 bxc5 11. Rb1 Ba6 12. Qa4 Bxc4 13. Bxc4 dxc4 14. Qxc4 Qd5 15. Qe2 Nbd7 16. O-O e5 17. Rfd1 Qe6 18. Bg3 Ne4 19. Qd3 Nxg3 20. hxg3 Nb6 21. Ng5 Qg6 22. Qxg6 hxg6 23. Rb5 Rac8 24. Ne4 Na4 25. Ra5 Nb2 26. Rb1 Nd3 27. Rxa7 Rb8 28. Rxb8 Rxb8 29. a4 f6 30. a5 Rb1+ 31. Kh2 Ra1 32. g4 Ra2 33. a6 Nxf2 34. Nxf2 Rxf2 35. Rb7 Ra2 36. a7 Kh7 37. Kg3 Kh6 38. Kf3 f5 39. g3 Ra4 40. gxf5 gxf5 41. c4 g6 42. Rc7 Kg5 43. e4 Ra3+ 44. Kf2 1/2-1/2

[Event "44th Chess Olympiad Open 2022"]
[Site "Chennai"]
[Date "2022.08.03"]
[Round "6.83"]
[White "Bah, Ebrima"]
[Black "Fancy, Stuart"]
[Result "1/2-1/2"]
[WhiteElo "2078"]
[BlackElo "1984"]
[Annotator "NA RC"]
[PlyCount "106"]
[EventDate "2022.??.??"]
[TimeControl "60"]

1. e4 c5 2. Nf3 e6 3. d4 cxd4 4. Nxd4 Nf6 5. Bd3 e5 6. Nf3 Nc6 7. O-O Be7 8. c3 O-O 9. Bg5 a6 10. Nbd2 b5 11. a4 b4 12. Qe2 Qc7 13.
Rfc1 Qb8 14. Nh4 h6 15. Bxf6 Bxf6 16. Nf5 bxc3 17. bxc3 d6 18. Qf3 Bg5 19. Rcb1 Qc7 20. Nc4 Bxf5 21. exf5 Rab8 22. f6 Bxf6 23. Qf5 Rfd8 24. Ne3 Ne7 25. Qh7+ Kf8 26. Qh8+ Ng8 27. Nd5 Rxb1+ 28. Rxb1 Qa5 29. c4 e4 30. Bxe4 Re8 31. f3 Bd4+ 32. Kh1 f5 33. Nc7 Qxc7 34. Bd5 Ke7 35. Re1+ Kd7 36. Rxe8 Kxe8 37. Qxg8+ Kd7 38. Qe6+ Kd8 39. Qxf5 Qd7 40. Qe4 Bf6 41. Bc6 Qe7 42. Qb1 Qc7 43. Bd5 Qa5 44. Qb8+ Kd7 45. Qb7+ Kd8 46. Qa8+ Ke7 47. Qb7+ Kd8 48. Qb8+ Kd7 49. Qa7+ Kd8 50. g3 Qxa4 51. Qa8+ Kd7 52. Qb7+ Kd8 53. Qb8+ Kd7 1/2-1/2

[Event "44th Chess Olympiad Open 2022"]
[Site "Chennai"]
[Date "2022.08.03"]
[Round "6.83"]
[White "McCoy, Tom"]
[Black "Dalliah, Joseph"]
[Result "1/2-1/2"]
[WhiteElo "1812"]
[BlackElo "1920"]
[Annotator "NA RC"]
[PlyCount "110"]
[EventDate "2022.??.??"]
[TimeControl "60"]

1. e4 e5 2. Nc3 Nf6 3. Bc4 Bc5 4. Nf3 d6 5. h3 Nc6 6. O-O O-O 7. d3 Be6 8. Bb3 h6 9. Na4 Bb4 10. Nc3 d5 11. exd5 Nxd5 12. Bd2 Nxc3 13. bxc3 Bd6 14. Bxe6 fxe6 15. Qe2 Qf6 16. Rab1 Rab8 17. Qe4 Qf5 18. Qe3 a6 19. Rfe1 Rf6 20. Qe4 Qxe4 21. Rxe4 b6 22. Rbe1 Rbf8 23. R1e2 b5 24. d4 exd4 25. cxd4 Kf7 26. Ne5+ Bxe5 27. dxe5 Rg6 28. a4 Rd8 29. axb5 axb5 30. Kh2 Nd4 31. R2e3 Nxc2 32. Rf3+ Kg8 33. Ba5 Rd4 34. Rxd4 Nxd4 35. Rd3 c5 36. f4 Nc6 37. Bb6 c4 38. Rd6 Nb4 39. Ba5 Nd5 40. Bd2 c3 41. Bc1 b4 42. f5 Rg5 43. g4 b3 44. Rxe6 b2 45. Bxb2 cxb2 46. Re8+ Kf7 47. Rb8 h5 48. Kg3 hxg4 49. hxg4 Ne3 50. Kf4 Rxg4+ 51. Kxe3 Rg2 52. Rb7+ Ke8 53.
Kd4 Rf2 54. Ke4 Kf8 55. e6 Ke8 1/2-1/2

[Event "44th Chess Olympiad Open 2022"]
[Site "Chennai"]
[Date "2022.08.03"]
[Round "6.83"]
[White "Garber, Ousainou"]
[Black "Jones, Rupert"]
[Result "1/2-1/2"]
[WhiteElo "1772"]
[BlackElo "1766"]
[Annotator "NA RC"]
[PlyCount "146"]
[EventDate "2022.??.??"]
[TimeControl "60"]

1. d4 Nf6 2. e3 g6 3. c4 Bg7 4. Nc3 d6 5. Nf3 O-O 6. Be2 Nbd7 7. O-O e5 8. d5 a5 9. e4 Nc5 10. Nd2 Ne8 11. f4 f5 12. exf5 Bxf5 13. fxe5 Bxe5 14. Nf3 Bg7 15. Bg5 Qc8 16. Nd4 Bd7 17. Qd2 Bg4 18. Rxf8+ Bxf8 19. Bxg4 Qxg4 20. Rf1 Bg7 21. Bf4 Nf6 22. h3 Qd7 23. Ndb5 Re8 24. a3 b6 25. b4 axb4 26. axb4 Nce4 27. Nxe4 Nxe4 28. Qd3 Nf6 29. Nd4 Nh5 30. Bg5 Be5 31. Ne6 Ng7 32. Nd4 Rf8 33. Rxf8+ Kxf8 34. Nc6 Qe8 35. Qf3+ Qf7 36. Bh6 Qxf3 37. Bxg7+ Bxg7 38. gxf3 Ke8 39. Kg2 Bf6 40. Kf2 Kf7 41. f4 h6 42. Kf3 Ke8 43. Ke4 Bb2 44. f5 g5 45. b5 Bf6 46. Nb4 Ke7 47. Na6 Kd7 48. Kf3 h5 49. Nb4 Ke7 50. Nd3 Kf7 51. Nf2 Ke7 52. Ke4 Kf7 53. Nd3 Ke7 54. Nb4 Ke8 55. Na6 Kd8 56. Nb8 Ke7 57. Nc6+ Kf7 58. Nb4 Ke7 59. Nd3 Kf7 60. Nc1 Ke7 61. Ne2 Be5 62. Ng1 Bf6 63. Nf3 Kf7 64. Ne1 Ke7 65. Nd3 Kf7 66. Nb4 Ke7 67. Nc6+ Kf7 68. Nb4 Ke7 69. Na6 Kd7 70. Nb4 Ke7 71. Nc6+ Kf7 72. Nb4 Ke7 73. Na6 Kd7 1/2-1/2

[Event "44th Chess Olympiad Open 2022"]
[Site "Chennai"]
[Date "2022.08.03"]
[Round "6.84"]
[White "Koumba, Mounguen Jose Evrar"]
[Black "Khan, Taffin"]
[Result "0-1"]
[WhiteElo "1942"]
[BlackElo "2019"]
[Annotator "NA RC"]
[PlyCount "58"]
[EventDate "2022.??.??"]
[TimeControl "60"]

1. e4 c5 2. Nf3 e6 3. d4 cxd4 4. Nxd4 a6 5. Nc3 Qc7 6. Be2 Nc6 7. O-O Nf6 8. a3 b5 9. Kh1 Bb7 10. Bg5 Be7 11. f4 h6 12. Bxf6 gxf6 13.
Bh5 Nxd4 14. Qxd4 Qc5 15. Qd1 Rg8 16. f5 Qe5 17. Qf3 Rg5 18.
Qh3 Bd6 19. Bf3 Ke7 20. Rae1 h5 21. Nd5+ Kd8 22. fxe6 fxe6 23. Nxf6 Kc7 24. Nxh5 Rh8 25. g4 Rf8 26. Rf2 Qxb2 27. Qh4 Qe5 28. Qg3 Qc3 29. e5 Qxe1+ 0-1

[Event "44th Chess Olympiad Open 2022"]
[Site "Chennai"]
[Date "2022.08.03"]
[Round "6.84"]
[White "Nathoo, Loris"]
[Black "Bongo Akanga Ndjila, Barthelemy"]
[Result "1-0"]
[WhiteElo "1695"]
[BlackElo "1803"]
[Annotator "NA RC"]
[PlyCount "89"]
[EventDate "2022.??.??"]
[TimeControl "60"]

1. d4 d5 2. Bf4 Bf5 3. e3 e6 4. Bd3 Bg6 5. Nf3 Bd6 6. Ne5 Bxd3 7. cxd3 Nf6 8. Nd2 c6 9. Bg3 Qc7 10. f4 O-O 11. O-O Nfd7 12. Ndf3 f6 13.
Ng4 Na6 14. Rc1 Rae8 15. Qb3 Kh8 16. Qc3 h5 17. Nf2 e5 18.
Nh3 exd4 19. Nxd4 Bb4 20. Qc2 Rxe3 21. Nf5 Ree8 22. a3 Ba5 23. Qd1 Bb6+ 24. d4 g6 25. Nh4 Kg7 26. Nxg6 Rf7 27. f5 Qd8 28. Nhf4 Nf8 29. Nxf8 Rfxf8 30. Ne6+ Rxe6 31. fxe6 Qe8 32. Re1 Nc7 33. e7 Rh8 34. Bxc7 Bxc7 35. Qe2 Rh6 36. Qe6 Bf4 37. Rc3 Rg6 38. Rf3 Bg5 39. Qd6 Kf7 40. Qc7 b5 41. Qxa7 Rg8 42. Qc7 Kg6 43. Qd6 Rg7 44. Re6 Rf7 45. Qd8 1-0

[Event "44th Chess Olympiad Open 2022"]
[Site "Chennai"]
[Date "2022.08.03"]
[Round "6.84"]
[White "Bongo Ngombele, Tary"]
[Black "Neto, Roberto"]
[Result "0-1"]
[WhiteElo "1688"]
[BlackElo "1663"]
[Annotator "NA RC"]
[PlyCount "134"]
[EventDate "2022.??.??"]
[TimeControl "60"]

1. e4 e6 2. d4 d5 3. e5 c5 4. c3 Nc6 5. Nf3 Qb6 6. Be2 cxd4 7. cxd4 Nge7 8.
Bd3 Bd7 9. Bc2 Nb4 10. Na3 Nxc2+ 11. Nxc2 Bb5 12. Ne3 Nc6 13. a3 Be7 14. Qb3 Na5 15. Qc3 Bd7 16. Bd2 Nb3 17. Rb1 Rc8 18. Qd3 Qb5 19. Qxb5 Bxb5 20. Bb4 Bxb4+ 21. axb4 Nc1 22. Kd2 Nd3 23. Nd1 Nxb4 24. Nc3 Bd7 25. Rhe1 O-O 26. Ng1 Rc7 27. f4 Rfc8 28. Nf3 Rc4 29. g4 a6 30. g5 Nc6 31. Ke3 Ne7 32. Nh4 g6 33. Ne2 Rb4 34. Rec1 Rxc1 35. Nxc1 Bb5 36. Na2 Rb3+ 37. Nc3 Bc4 38. Kd2 b5 39. Ng2 Nf5 40.
Ne2 Bxe2 41. Kxe2 Nxd4+ 42. Kf2 Rf3+ 43. Kg1 Ne2+ 44. Kh1 Nxf4 45. Nh4 Rh3 46. Ng2 Nxg2 47. Kxg2 Rb3 48. h4 a5 49. Kh2 a4 50. Kg2 a3 51. Kf1 Rxb2 52. Rc1 a2 53. Rc8+ Kg7 54. Ra8 Rb1+ 55.
Ke2 a1=R 56. Rb8 b4 57. h5 gxh5 58. Kd3 b3 59. Kc3 Rc1+ 60.
Kb2 Rab1+ 61. Ka3 h4 62. Rb4 Rc4 63. Rb5 h3 64. Rb6 h2 65.
Rb5 h1=Q 66. g6 Ra1+ 67. Kxb3 Qb1# 0-1

[Event "44th Chess Olympiad Open 2022"]
[Site "Chennai"]
[Date "2022.08.03"]
[Round "6.85"]
[White "Muhammed, Shuaau"]
[Black "Jaiswal Prashant S"]
[Result "1-0"]
[WhiteElo "1987"]
[BlackElo "1683"]
[Annotator "NA RC"]
[PlyCount "61"]
[EventDate "2022.??.??"]
[TimeControl "60"]

1. e4 c6 2. d4 d5 3. e5 Bf5 4. h4 h5 5. Bd3 Bxd3 6. Qxd3 e6 7. Nf3 Ne7 8.
Nbd2 Nf5 9. Nb3 Nd7 10. Bg5 Qc7 11. O-O c5 12. c4 dxc4 13.
Qxc4 Nb6 14. Qe2 cxd4 15. Nbxd4 Nxd4 16. Nxd4 a6 17. Rac1 Qd7 18. Rfd1 Nd5 19. Qe4 Be7 20. Nf5 exf5 21. Qxd5 Qxd5 22. Rxd5 Bxg5 23. hxg5 O-O 24. Rd7 b5 25. Rcc7 Rac8 26. Rxf7 Rxc7 27. Rxc7 Rd8 28. g6 Re8 29. e6 Kf8 30. Rf7+ Kg8 31. e7 1-0

[Event "44th Chess Olympiad Open 2022"]
[Site "Chennai"]
[Date "2022.08.03"]
[Round "6.85"]
[White "Nadan, Avinesh"]
[Black "Ashraf, Ahmed Ramadan"]
[Result "0-1"]
[WhiteElo "1540"]
[BlackElo "1916"]
[Annotator "NA RC"]
[PlyCount "82"]
[EventDate "2022.??.??"]
[TimeControl "60"]

1. e4 c5 2. Nf3 e6 3. Be2 Nc6 4. c3 g6 5. d4 cxd4 6. cxd4 Bg7 7. Nc3 a6 8. O-O Nge7 9. d5 exd5 10. exd5 Ne5 11. d6 N7c6 12. Nd5 O-O 13. Be3 Nxf3+ 14. Bxf3 Bxb2 15. Bb6 Qg5 16. Rb1 Be5 17. Nc7 Rb8 18. Bxc6 bxc6 19. f4 Bxf4 20. Kh1 Qh4 21. h3 Qg3 22. Bg1 Rxb1 23. Qxb1 Bxd6 24. Na8 c5 25. Qe4 c4 26. Nb6 c3 27. Nc4 Bb8 28. Rf3 Qc7 29. Rxc3 Bb7 30.
Qc2 Rc8 31. Re3 d5 32. Qe2 dxc4 33. Re8+ Rxe8 34. Qxe8+ Kg7 35.
Bd4+ f6 36. Kg1 Qh2+ 37. Kf1 Qxg2+ 38. Ke1 Bg3+ 39. Kd1 Bf3+ 40. Kc1 Bf4+ 41. Kb1 Qf1+ 0-1

[Event "44th Chess Olympiad Open 2022"]
[Site "Chennai"]
[Date "2022.08.03"]
[Round "6.85"]
[White "Prakash, Prashil"]
[Black "Ahmed Aboobakuru"]
[Result "0-1"]
[WhiteElo "1514"]
[BlackElo "1676"]
[Annotator "NA RC"]
[PlyCount "100"]
[EventDate "2022.??.??"]
[TimeControl "60"]

1. d4 Nf6 2. Nf3 e6 3. c4 b6 4. Nc3 Bb7 5. Bg5 Be7 6. e3 c5 7. Bd3 cxd4 8. exd4 O-O 9. Bxf6 Bxf6 10. h4 d6 11. Bxh7+ Kh8 12. Bc2 Nd7 13. Ng5 g6 14. f4 Kg7 15. Qd2 Rh8 16. O-O-O Rc8 17. Rde1 Rxc4 18. Rxe6 Bxg5 19. Rxd6 Qc7 20. Nb5 Rxc2+ 21.
Qxc2 Bxf4+ 22. Kb1 Qxc2+ 23. Kxc2 Bxd6 24. Nxd6 Bxg2 25. Rh2 Bc6 26. Rf2 f6 27. Rf4 Nf8 28. d5 Bd7 29. Kc3 Rh5 30. Kc4 a6 31.
b3 Re5 32. Ne4 Bf5 33. Nd6 Nd7 34. h5 Bb1 35. h6+ Kh7 36. a4 Re3 37. Rf2 Ne5+ 38. Kd4 Rd3+ 39. Ke4 Rf3+ 40. Kd4 Rxf2 41. Ne8 Nd7 42. Nc7 a5 43. Na8 Rf4+ 44. Kc3 Rb4 45. Kb2 Be4 46. Nc7 g5 47. Kc3 g4 48. Na6 Bxd5 49. Nxb4 axb4+ 50. Kxb4 g3 0-1

[Event "44th Chess Olympiad Open 2022"]
[Site "Chennai"]
[Date "2022.08.03"]
[Round "6.85"]
[White "Mujahid Bin Yazeed"]
[Black "Prasad, Rudr"]
[Result "*"]
[WhiteElo "1418"]
[BlackElo "1566"]
[Annotator "NA RC"]
[PlyCount "90"]
[EventDate "2022.??.??"]
[TimeControl "60"]

1. e4 c6 2. d4 d5 3. e5 c5 4. c3 cxd4 5. cxd4 Nc6 6. Bb5 Bf5 7. Nc3 e6 8.
Nge2 Nge7 9. O-O h5 10. Bg5 Qb6 11. Qb3 O-O-O 12. Na4 Qc7 13. Rac1 a6 14. Bxc6 Nxc6 15. Nb6+ Kb8 16. Bxd8 Qxd8 17. Na4 Na5 18. Qc3 f6 19. Nc5 fxe5 20. dxe5 Nc4 21. b4 Bxc5 22. bxc5 Qc7 23. Nd4 Qxe5 24. Nxf5 Qxf5 25. Qxg7 Rh7 26. Qg8+ Kc7 27. Rfe1 Rf7 28. Qg3+ Kc6 29. Rxc4 dxc4 30. Qd6+ Kb5 31. a4+ Kxa4 32. Ra1+ Kb3 33. Qb6+ Kc2 34. Ra2+ Kd3 35. c6 Qf4 36. g3 Qf3 37. Qb1+ Kd4 38. Rd2+ Kc5 39. cxb7 Rxb7 40. Qa1 Qe4 41. Qa5+ Rb5 42. Qa3+ Kb6 43. Rd1 Qc6 44. Qe3+ Kb7 45. Re1 c3 *

[Event "44th Chess Olympiad Open 2022"]
[Site "Chennai"]
[Date "2022.08.03"]
[Round "6.86"]
[White "Gontcharov, Serguei"]
[Black "Young, Christopher"]
[Result "1/2-1/2"]
[WhiteElo "1864"]
[BlackElo "1990"]
[Annotator "NA RC"]
[PlyCount "82"]
[EventDate "2022.??.??"]
[TimeControl "60"]

1. e4 c5 2. Nf3 e6 3. d4 cxd4 4. Nxd4 a6 5. c4 Qc7 6. a3 Nc6 7. Nc3 Nf6 8.
Be3 Be7 9. Be2 O-O 10. O-O d6 11. Rc1 Bd7 12. b4 Rac8 13. Nb3 Qb8 14. Bf4 Ne5 15. Bxe5 dxe5 16. c5 Rfd8 17. Qc2 Qa7 18. Qb2 b6 19. cxb6 Qxb6 20. Bf3 Bc6 21. Rfd1 Nd7 22. Na5 Bg5 23. Rb1 Qc7 24. Nxc6 Qxc6 25. Ne2 Qc2 26. g3 g6 27. h4 Be7 28. Kg2 Nb6 29. Rxd8+ Bxd8 30. Qxc2 Rxc2 31. b5 axb5 32. Rxb5 Ra2 33. Ra5 Be7 34. Rxe5 Rxa3 35. Rb5 Nc4 36. Nd4 Nd2 37. Rb8+ Bf8 38. Rd8 Nxf3 39. Nxf3 Kg7 40. Rd2 Bb4 41. Re2 Ra5 1/2-1/2

[Event "44th Chess Olympiad Open 2022"]
[Site "Chennai"]
[Date "2022.08.03"]
[Round "6.86"]
[White "Tracey, Shaun M"]
[Black "Gontcharov, Dimitri"]
[Result "1-0"]
[WhiteElo "1650"]
[BlackElo "1448"]
[Annotator "NA RC"]
[PlyCount "85"]
[EventDate "2022.??.??"]
[TimeControl "60"]

1. e4 c5 2. Nc3 e6 3. f4 d5 4. Nf3 dxe4 5. Nxe4 Nf6 6. Bb5+ Nc6 7. Bxc6+ bxc6 8. Qe2 Be7 9. d3 Ba6 10. b3 Qa5+ 11. Bd2 Qc7 12. O-O O-O 13. Ne5 Rad8 14. Rad1 Rd4 15. Nxf6+ Bxf6 16. Ng4 Be7 17. Be3 Rdd8 18. Qf2 c4 19. dxc4 c5 20. Ne5 Bd6 21. Rxd6 Qxd6 22. Bxc5 Qc7 23. Bxf8 Kxf8 24. Nd3 Bb7 25. Qc5+ Qxc5+ 26.
Nxc5 Bc8 27. Nd3 Ke7 28. Re1 Rd6 29. Kf2 f6 30. Ke3 Bb7 31.
g3 a5 32. Re2 Kd7 33. Nc5+ Kc7 34. Nxb7 Kxb7 35. Rd2 Rxd2 36. Kxd2 Kc6 37. Kd3 Kc5 38. a3 g6 39. c3 g5 40. b4+ axb4 41. cxb4+ Kc6 42. fxg5 f5 43. Kd4 1-0

[Event "44th Chess Olympiad Open 2022"]
[Site "Chennai"]
[Date "2022.08.03"]
[Round "6.86"]
[White "Shaw, Clifford"]
[Black "Kovacova, Zuzana"]
[Result "1/2-1/2"]
[WhiteElo "1615"]
[BlackElo "2050"]
[Annotator "NA RC"]
[PlyCount "93"]
[EventDate "2022.??.??"]
[TimeControl "60"]

1. f4 g6 2. Nf3 Bg7 3. e3 d6 4. Be2 Nf6 5. O-O O-O 6. d3 c5 7. e4 e6 8. c3 Nc6 9. a4 Qb6 10. Kh1 Bd7 11. Qe1 Rac8 12. Qh4 Qd8 13.
g4 Ne8 14. g5 f5 15. Nbd2 e5 16. Nc4 Be6 17. exf5 Rxf5 18. fxe5 dxe5 19. Be3 b6 20. Qg3 Bd5 21. Kg1 Qe7 22. Nh4 Rxf1+ 23. Rxf1 e4 24. Qg4 exd3 25. Bxd3 Rd8 26. Bf4 Qe6 27. Qxe6+ Bxe6 28. Be2 Ne7 29. Nf3 Nf5 30. Nce5 Bb3 31. Ra1 Ned6 32. a5 b5 33. Nc6 Re8 34. Nfe5 a6 35. Re1 Bd5 36. Bf3 Bxf3 37. Nxf3 Rxe1+ 38. Nxe1 Nc4 39. Nd3 Bf8 40. b3 Nce3 41. Nb8 c4 42. bxc4 Nxc4 43. Nxa6 Bg7 44. Nc7 Bxc3 45. a6 Bd4+ 46. Kf1 Nfd6 47. Ke2 1/2-1/2

[Event "44th Chess Olympiad Open 2022"]
[Site "Chennai"]
[Date "2022.08.03"]
[Round "6.86"]
[White "Walrond, Niccolo"]
[Black "Swaminathan, Laia"]
[Result "*"]
[WhiteElo "1210"]
[BlackElo "1460"]
[Annotator "NA RC"]
[PlyCount "108"]
[EventDate "2022.??.??"]
[TimeControl "60"]

1. e4 e5 2. Nf3 Nc6 3. Bc4 Bc5 4. c3 Qe7 5. O-O d6 6. d3 h6 7. Re1 Nf6 8. Nbd2 O-O 9. a4 a5 10. Nf1 Bg4 11. Be3 Bxe3 12. Nxe3 Qd7 13. h3 Be6 14. Ba2 Ne7 15. Nh4 Ng6 16. Bxe6 Qxe6 17. Nef5 Nxh4 18. Nxh4 g6 19. d4 c6 20. Qd3 Rfd8 21. Qg3 Nh5 22. Qh2 Nf4 23. Re3 exd4 24. cxd4 Qf6 25. Rf3 Ne2+ 26. Kf1 Qxh4 27. Kxe2 Qxe4+ 28. Kf1 Qxd4 29. Rf4 Qxb2 30. Re1 Re8 31. Rfe4 Rxe4 32. Rxe4 Qc1+ 33. Ke2 Qc2+ 34. Ke3 Qc5+ 35. Kf3 Kf8 36. Qf4 Qf5 37. g4 Qxf4+ 38. Kxf4 Rd8 39. h4 d5 40. Rd4 c5 41. Rd3 c4 42. Rc3 d4 43.
Rxc4 d3 44. Rc1 d2 45. Rd1 Ke7 46. Ke3 Ke6 47. f4 f5 48. g5 h5 49. Rxd2 Rxd2 50. Kxd2 Kd5 51. Kd3 b6 52. Kc3 Ke4 53. Kc4 Kxf4 54. Kb5 Ke3 *

[Event "44th Chess Olympiad Open 2022"]
[Site "Chennai"]
[Date "2022.08.03"]
[Round "6.87"]
[White "Stratonowitsch, Andre"]
[Black "Moncur, Cecil"]
[Result "1-0"]
[WhiteElo "2142"]
[BlackElo "1815"]
[Annotator "NA RC"]
[PlyCount "139"]
[EventDate "2022.??.??"]
[TimeControl "60"]

1. e4 c5 2. Nf3 e6 3. d4 cxd4 4. Nxd4 Nf6 5. Nc3 Nc6 6. Ndb5 Bb4 7. a3 Bxc3+ 8. Nxc3 d5 9. exd5 exd5 10. Bd3 O-O 11. O-O d4 12. Ne2 Qb6 13. h3 Bd7 14. b4 Ne5 15. Bb2 Nxd3 16. cxd3 Bf5 17. Nxd4 Bg6 18. Qf3 a5 19. Nf5 axb4 20. axb4 Bxf5 21. Qxf5 Rxa1 22. Rxa1 Qxb4 23. Bxf6 gxf6 24. Qxf6 Re8 25. Kh2 Qe7 26. Qf4 Qe5 27. Qxe5 Rxe5 28. Rb1 Rd5 29. Rb3 Kg7 30. Kg3 Kg6 31. f4 b5 32. Kf3 f5 33. Ke3 h5 34. Ra3 b4 35. Ra6+ Kh7 36. Rb6 Ra5 37. Rxb4 Ra2 38. Kf3 h4 39. Rb8 Kg7 40. Rd8 Rd2 41. Rd6 Kf7 42. Rh6 Rxd3+ 43. Ke2 Rg3 44. Kf2 Ra3 45. Rxh4 Ra2+ 46. Kg3 Ra3+ 47. Kh2 Ra2 48. Rh8 Ra3 49. Rd8 Kg6 50. Rd2 Kh5 51. Rd6 Ra4 52. Kg3 Ra3+ 53. Kf2 Ra2+ 54. Kf3 Ra3+ 55. Ke2 Ra2+ 56. Rd2 Ra3 57. Rd3 Ra2+ 58. Kf3 Kh4 59. g4 Kxh3 60. gxf5 Ra4 61. Rd7 Ra3+ 62. Ke4 Ra4+ 63. Ke5 Ra5+ 64. Ke6 Kg4 65. f6 Kxf4 66. f7 Re5+ 67. Kf6 Rf5+ 68. Ke7 Re5+ 69. Kd8 Rf5 70. Ke8 1-0

[Event "44th Chess Olympiad Open 2022"]
[Site "Chennai"]
[Date "2022.08.03"]
[Round "6.87"]
[White "Pillay, Ragul"]
[Black "Karelina, Polina"]
[Result "0-1"]
[WhiteElo "1341"]
[BlackElo "1835"]
[Annotator "NA RC"]
[PlyCount "104"]
[EventDate "2022.??.??"]
[TimeControl "60"]

1. d4 Nf6 2. c4 g6 3. Nc3 Bg7 4. e4 d6 5. Nf3 O-O 6. Be2 Nbd7 7. O-O e5 8.
dxe5 Nxe5 9. Nxe5 dxe5 10. Qc2 c6 11. h3 Be6 12. Be3 Qc7 13.
Rad1 a6 14. Na4 Nd7 15. Rd2 Rac8 16. Rfd1 b5 17. Nc5 Nxc5 18. Bxc5 Rfd8 19. b3 Rxd2 20. Qxd2 Bf6 21. Qe3 Rd8 22. Rc1 Rd7 23. cxb5 axb5 24. Bb4 Qb7 25. Qc5 Be7 26. Qc3 Bxb4 27. Qxb4 f6 28. Rc2 Rd4 29. Qc5 Rxe4 30. Bf3 Re1+ 31. Kh2 e4 32. Be2 f5 33. Qc3 Rb1 34. Qxc6 Qxc6 35. Rxc6 Bd7 36. Rc2 Kf7 37. Kg3 Kf6 38. f3 Ke5 39. fxe4 fxe4 40. Bxb5 Bxb5 41. Rc5+ Kd4 42. Rxb5 Rf1 43. Rb4+ Kd3 44. Rb8 e3 45. Rd8+ Kc2 46. Rc8+ Kd2 47. Rd8+ Ke1 48. a4 e2 49. Kh2 Kf2 50. Rd2 Rb1 51. a5 Rxb3 52. a6 Ra3 0-1

[Event "44th Chess Olympiad Open 2022"]
[Site "Chennai"]
[Date "2022.08.03"]
[Round "6.87"]
[White "Albury, Noah"]
[Black "Ramachandran, R..."]
[Result "1-0"]
[WhiteElo "1324"]
[BlackElo "1994"]
[Annotator "NA RC"]
[PlyCount "65"]
[EventDate "2022.??.??"]
[TimeControl "60"]

1. e4 e5 2. Nf3 d6 3. d4 Bg4 4. dxe5 Bxf3 5. Qxf3 dxe5 6. Bc4 Nf6 7. Qb3 Qd7 8. Qxb7 Qc6 9. Bb5 Qxb5 10. Qxb5+ Nbd7 11. Nc3 Bd6 12. O-O O-O 13. Qd3 Rad8 14. Bg5 Nc5 15. Qg3 Ncxe4 16. Nxe4 Nxe4 17. Qh4 Nxg5 18. Qxg5 f6 19. Qe3 a6 20. c4 Rb8 21. c5 Be7 22. b3 Rb5 23. Rac1 Rd8 24. Rfd1 Rxd1+ 25. Rxd1 Rxc5 26. b4 Rb5 27. Qb3+ Kf8 28. Rd7 Rxb4 29. Rd8+ Bxd8 30. Qxb4+ Be7 31. Qa4 Bc5 32. Qxa6 Ke8 33. Qc8+ 1-0